Map: 2000 애트모스피어 - 래더

Players

Neeb

  • Race: Protoss Protoss

Dream - Winner!

  • Race: Terran Terran

Event: IEM Katowice 2022

VOD

Have the link to the VOD?

Description

Time

  • Played on: Feb. 24, 2022, 5:06 a.m.
  • Length: 12:20

All games in this series

Show
View Real Time Build Order
Export as new Build Order

Neeb Protoss 

Build Orders: Oracle Opening, Phoenix Opening 

Get SALT Encoding   

  12  0:00  Probe  
  13  0:12  Probe  
  14  0:17  Pylon  
  14  0:24  Probe (Chrono Boost)  
  15  0:36  Probe (Chrono Boost)  
  15  0:38  Gateway  
  16  0:45  Probe (Chrono Boost)  
  16  0:46  Assimilator  
  17  0:51  Probe  
  18  1:03  Probe  
  19  1:15  Probe  
  20  1:27  Probe  
  20  1:28  Cybernetics Core  
  21  1:33  Pylon  
  21  1:39  Probe  
  22  1:54  Probe  
  22  1:58  Assimilator  
  23  2:04  Nexus  
  23  2:10  Adept (Chrono Boost)  
  23  2:12  Probe  
  26  2:24  Stargate  
  26  2:27  Probe  
  27  2:39  Probe  
  27  2:40  Adept  
  28  2:50  Pylon  
  28  2:52  Probe (Chrono Boost)  
  28  2:54  Warp Gate  
  29  3:04  Probe (Chrono Boost)  
  30  3:09  Probe (Chrono Boost)  
  30  3:11  Oracle  
  34  3:16  Probe (Chrono Boost)  
  34  3:19  Probe (Chrono Boost)  
  36  3:26  Probe (Chrono Boost)  
  38  3:28  Probe (Chrono Boost)  
  38  3:32  Probe (Chrono Boost)  
  38  3:33  Probe (Chrono Boost)  
  40  3:43  Probe  
  40  3:45  Probe  
  40  3:48  Phoenix  
  44  3:52  Gateway  
  44  3:53  Gateway  
  44  3:55  Probe  
  44  3:57  Probe  
  46  4:07  Probe  
  46  4:09  Probe  
  50  4:20  Probe  
  50  4:22  Nexus  
  49  4:24  Pylon  
  49  4:26  Probe  
  50  4:33  Probe  
  50  4:34  Assimilator  
  50  4:36  Assimilator  
  51  4:42  Sentry  
  51  4:43  Probe  
  54  4:45  Probe  
  54  4:48  Sentry x2, Shield Battery  
  59  4:54  Shield Battery  
  59  4:55  Probe  
  59  4:58  Probe  
  60  5:01  Forge  
  60  5:03  Twilight Council  
  60  5:07  Probe  
  60  5:10  Pylon, Probe  
  62  5:21  Protoss Ground Weapons Level 1 (Chrono Boost)  
  62  5:22  Gateway  
  62  5:23  Gateway  
  62  5:28  Stalker, Blink (Chrono Boost), Probe x2  
  62  5:29  Stalker x2  
  62  5:34  Probe  
  71  5:41  Probe x2  
  73  5:46  Probe  
  74  5:52  Stalker x2  
  74  5:56  Stalker  
  80  5:58  Shield Battery  
  80  6:03  Probe x2  
  82  6:05  Pylon  
  82  6:14  Pylon, Gateway  
  82  6:19  Stalker  
  82  6:23  Stalker x3  
  82  6:24  Probe x2  
  93  6:25  Probe  
  93  6:32  Pylon x2  
  93  6:33  Stalker  
  93  6:36  Probe  
  88  6:47  Stalker x4  
  88  6:52  Probe  
  95  6:56  Probe x2  
  95  7:01  Robotics Facility  
  97  7:05  Probe  
  98  7:10  Stalker x5  
  108  7:20  Pylon  
  108  7:21  Pylon  
  108  7:23  Photon Cannon, Assimilator x2  
  102  7:39  Stalker  
  102  7:41  Stalker x2  
  97  7:44  Probe  
  97  7:46  Probe  
  97  7:47  Probe  
  97  7:48  Stalker  
  80  7:56  Probe  
  79  7:59  Probe  
  79  8:00  Probe  
  81  8:08  Probe  
  81  8:11  Sentry x2, Stalker, Probe  
  81  8:12  Stalker x3  
  95  8:13  Protoss Ground Weapons Level 2 (Chrono Boost)  
  95  8:15  Observer  
  95  8:16  Probe  
  97  8:20  Probe  
  97  8:25  Probe  
  97  8:26  Charge (Chrono Boost)  
  99  8:33  Gateway  
  99  8:36  Gateway  
  99  8:43  Robotics Bay  
  99  8:48  Stalker, Robotics Facility  
  101  9:04  Stalker x5  
  101  9:06  Observer (Chrono Boost)  
  111  9:13  Photon Cannon  
  111  9:18  Pylon, Observer (Chrono Boost)  
  111  9:20  Pylon  
  111  9:22  Pylon  
  109  9:30  Zealot x6  
  109  9:45  Disruptor (Chrono Boost)  
  109  9:46  Disruptor (Chrono Boost)  
  109  9:50  Cybernetics Core  
  115  9:53  Zealot x6  
  115  9:55  Pylon  
  121  10:11  Zealot x2  
  111  10:18  Zealot x6  
  113  10:26  Disruptor x2  
  113  10:28  Gateway  
  107  10:36  Stalker x2  
  107  10:38  Zealot x5  
  107  10:39  Zealot  
  112  11:01  Disruptor (Chrono Boost)  
  112  11:03  Zealot x8  
  123  11:05  Probe  
  123  11:07  Disruptor (Chrono Boost)  
  123  11:10  Observer  
  95  11:24  Zealot x2  
  95  11:25  Zealot x4  
  104  11:27  Stalker  
  106  11:32  Disruptor (Chrono Boost)  
  106  11:35  Disruptor (Chrono Boost)  
  106  11:46  Templar Archives  
  100  11:49  Zealot x4  
  108  11:57  Zealot  
  108  11:58  Zealot x2  
Show
View Real Time Build Order
Export as new Build Order

Dream Terran - Winner!

Build Orders: Reaper Expand 

Get SALT Encoding   

  12  0:00  SCV  
  13  0:12  SCV  
  14  0:16  Supply Depot  
  14  0:24  SCV  
  15  0:38  SCV  
  15  0:39  Barracks  
  16  0:45  Refinery  
  16  0:50  SCV  
  17  1:02  SCV  
  18  1:10  Engineering Bay  
  18  1:14  SCV  
  19  1:27  Orbital Command  
  19  1:28  Reaper  
  20  1:48  Command Center  
  20  1:53  SCV  
  21  2:02  Barracks Reactor  
  21  2:07  Supply Depot, SCV  
  22  2:17  Barracks  
  22  2:19  SCV  
  23  2:29  Barracks  
  23  2:31  SCV  
  24  2:37  Marine  
  24  2:38  Marine  
  24  2:43  SCV  
  27  2:48  Bunker  
  27  2:56  SCV  
  28  2:59  Marine x2  
  28  3:01  Orbital Command  
  28  3:05  Barracks Tech Lab  
  30  3:08  SCV  
  31  3:18  Marine  
  31  3:19  Marine x2  
  34  3:20  SCV  
  34  3:23  Stimpack  
  34  3:24  Marine  
  36  3:28  SCV  
  36  3:32  SCV  
  38  3:35  Engineering Bay  
  38  3:36  Marine  
  38  3:37  Marine  
  38  3:40  SCV  
  41  3:41  Marine  
  41  3:44  SCV, Marine  
  41  3:46  Supply Depot  
  44  3:52  SCV  
  44  3:54  Factory  
  44  3:55  Marine  
  45  4:00  Barracks Tech Lab  
  45  4:01  Terran Infantry Weapons Level 1  
  46  4:05  Refinery  
  46  4:07  SCV, Marine  
  48  4:11  Refinery  
  48  4:12  SCV  
  48  4:14  Marine x2  
  49  4:19  SCV  
  49  4:21  Marine  
  49  4:22  Supply Depot  
  51  4:25  SCV, Marine  
  53  4:32  SCV  
  53  4:33  Supply Depot  
  54  4:40  Supply Depot  
  54  4:41  Starport  
  54  4:42  Factory Reactor  
  54  4:44  SCV, Marine  
  54  4:45  SCV  
  57  4:47  Marine x3  
  60  4:56  Supply Depot, SCV  
  60  4:57  SCV  
  61  5:02  Marine  
  61  5:05  Marine x2  
  61  5:07  Marine, Combat Shield  
  64  5:08  SCV  
  64  5:09  SCV  
  64  5:14  Supply Depot  
  67  5:19  Marine  
  67  5:20  SCV  
  67  5:21  SCV  
  70  5:23  Marine  
  70  5:26  Marine x2  
  70  5:27  Medivac x2  
  77  5:30  Factory Reactor  
  77  5:32  SCV  
  77  5:34  Supply Depot  
  78  5:36  SCV  
  78  5:39  Marine  
  78  5:40  Refinery  
  80  5:47  SCV  
  80  5:48  SCV  
  82  5:51  Marine, Marauder x2  
  87  5:59  Supply Depot  
  87  6:00  Command Center  
  87  6:03  SCV x2  
  89  6:05  Medivac  
  89  6:08  Medivac  
  89  6:11  Marine x2  
  93  6:14  Terran Infantry Armor Level 1  
  93  6:17  Widow Mine x2  
  99  6:19  SCV x2  
  99  6:23  Supply Depot  
  101  6:27  Concussive Shells  
  101  6:29  Marauder x2  
  105  6:34  SCV x2  
  105  6:35  Marine  
  105  6:36  Marine  
  109  6:45  Widow Mine x2  
  109  6:46  SCV x2  
  108  6:48  Medivac x2  
  108  6:58  SCV x2  
  112  7:01  Marauder x2  
  112  7:02  Marine x2  
  112  7:06  Supply Depot  
  112  7:07  Supply Depot  
  116  7:10  Widow Mine  
  116  7:12  SCV x2  
  116  7:13  Widow Mine  
  122  7:22  Barracks  
  121  7:24  SCV  
  121  7:25  Barracks  
  122  7:30  Orbital Command, Marine x2  
  122  7:31  SCV  
  122  7:36  Marauder x2  
  124  7:37  SCV  
  124  7:43  Widow Mine x2, SCV  
  121  7:49  SCV, Marine x2  
  111  7:55  SCV  
  111  7:57  Marauder x2  
  110  8:01  SCV  
  110  8:04  Widow Mine x2, SCV  
  112  8:05  Medivac  
  112  8:06  Medivac  
  112  8:07  SCV  
  112  8:08  Marine x2  
  115  8:13  SCV  
  115  8:15  Barracks Reactor, Armory, Engineering Bay  
  115  8:16  SCV  
  117  8:20  Refinery x2, Barracks Tech Lab  
  117  8:26  Marine x2, Ghost Academy  
  120  8:27  Marauder x2  
  120  8:29  Widow Mine x2, Supply Depot  
  125  8:35  Command Center  
  125  8:37  Supply Depot  
  125  8:40  Marauder  
  127  8:45  Marine  
  127  8:46  Marine  
  131  8:48  Marauder  
  131  8:51  SCV x3  
  131  8:54  Widow Mine x2  
  138  8:55  Marine  
  138  8:56  Barracks, Marine  
  138  8:59  Barracks  
  138  9:04  Marauder x2  
  138  9:07  Marine x2  
  138  9:09  Terran Infantry Armor Level 2, Terran Infantry Weapons Level 2  
  144  9:10  Enhanced Shockwaves  
  144  9:13  Ghost  
  146  9:17  SCV x3  
  146  9:21  Marine x2  
  151  9:24  Ghost, Marine  
  151  9:25  Supply Depot  
  151  9:28  Marine  
  155  9:34  Marauder  
  157  9:39  Marine x2  
  157  9:42  Marauder  
  157  9:44  Widow Mine x2  
  157  9:45  Barracks Reactor  
  160  9:46  Barracks Tech Lab  
  160  9:48  Planetary Fortress  
  160  9:50  Marine x2  
  162  9:53  Barracks  
  162  9:54  Marauder  
  162  9:55  Ghost  
  162  9:56  Marine  
  162  9:57  Marine  
  165  10:03  Ghost  
  164  10:11  Marine x2, Marauder  
  156  10:14  Ghost, Marine  
  156  10:15  SCV x3  
  156  10:21  Marine x2  
  156  10:22  Widow Mine x2  
  156  10:23  Medivac  
  156  10:24  Marauder  
  156  10:27  SCV  
  162  10:29  Marine x2  
  162  10:32  Marauder x2  
  162  10:37  Marine x2  
  162  10:38  Marine  
  162  10:40  Medivac  
  162  10:42  SCV x2  
  167  10:44  Marauder, Marine  
  167  10:46  Marauder  
  167  10:47  Marine x2  
  173  10:53  Ghost x2  
  173  10:55  Marine  
  173  10:57  Marine  
  173  11:03  Marine x2  
  153  11:05  Marine, Marauder  
  153  11:06  Widow Mine x2  
  153  11:07  SCV x2, Marauder  
  149  11:12  Medivac  
  149  11:17  Marine x3  
  152  11:18  Barracks Tech Lab  
  152  11:22  Marauder x2  
  156  11:26  Marine, Marauder  
  156  11:27  Widow Mine x2  
  156  11:28  Marine x2, Marauder  
  167  11:33  Command Center  
  167  11:34  SCV, Marine  
  167  11:36  SCV  
  167  11:39  Marine, Marauder  
  170  11:41  Marine  
  170  11:44  Marauder x2, Marine  
  170  11:46  Marine x2  
  178  11:47  Ghost  
  178  11:50  Marauder  
  178  11:51  Supply Depot  
  178  11:52  Marine  
  178  11:53  Supply Depot  
  183  11:56  Marine  
  183  11:59  Marine  
  187  12:02  Missile Turret  

Tags
 
Add a new tag
Caveats
  • Supply blocks, unpowered buildings, or Contaminate may cause inaccurate times.
  • Supply counts are checked every 10 seconds.